 Dungeon Crawl Stone Soup version 0.31-a0-161-gb58dd9be76 (webtiles) character file.

Game seed: 764441544337378188

305 qw the Shooter (level 6, -2/38 HPs)
             Began as a Gargoyle Hunter on June 12, 2023.
             Slain by Duvessa
             ... wielding a +0 short sword
              (5 damage)
             ... on level 4 of the Dungeon.
             The game lasted 00:01:18 (2902 turns).

qw the Shooter (Gargoyle Hunter)                    Turns: 2902, Time: 00:01:19

Health: -2/38      AC: 13    Str: 14    XL:     6   Next: 39%
Magic:  6/6        EV: 10    Int: 10    God:
Gold:   207        SH:  0    Dex: 15    Spells: 5/5 levels left

rFire   + . .        Y - +0 shortbow
rCold   . . .        (shield currently unavailable)
rNeg    + . .        i - +0 ring mail
rPois   inf          (no helmet)
rElec   +            (no cloak)
rCorr   +            d - +2 pair of gloves {hurl}
SInv    .            l - +0 pair of boots
Will    .....        h - amulet of faith
Stlth   +            e - ring of protection from fire
HPRegen 0.26/turn    g - ring of resist corrosion
MPRegen 0.10/turn

%: faith
@: lit by a corona, glowing
A: sickness immunity, AC +4, negative energy resistance 1, electricity
resistance, torment resistance 1, petrification resistance
a: no special abilities


You were on level 4 of the Dungeon.
You visited 1 branch of the dungeon, and saw 4 of its levels.

You collected 207 gold pieces.


Innate Abilities, Weirdness & Mutations

You are immune to sickness and miasma.
Your stone body is resilient. (AC +4)
You are immune to poison.
You resist negative energy. (rN+)
You are resistant to electric shocks. (rElec)
You are resistant to unholy torment.
You are immune to petrification.


   Skills:
 - Level 4.0 Fighting
 + Level 6.6 Ranged Weapons
 - Level 1.0 Armour
 - Level 1.5 Dodging
 - Level 1.1 Stealth


You had 5 spell levels left.
You didn't know any spells.
Your spell library was empty.

Inventory:

Hand Weapons
 Y - a +0 shortbow (weapon)
Armour
 d - a +2 pair of gloves of hurling (worn)
 i - a +0 ring mail (worn)
 l - a +0 pair of boots (worn)
Jewellery
 e - a ring of protection from fire (left hand)
 g - a ring of resist corrosion (right hand)
 h - an amulet of faith (around neck)
Scrolls
 a - a scroll of identify
Potions
 b - a potion of cancellation
 c - a potion of brilliance {unknown}
 f - a potion of heal wounds {unknown}
 o - a potion of lignification

Dungeon Overview and Level Annotations

Branches:
Dungeon (4/15)
 Temple: D:4-7

Altars:

Annotations:
D:4 Duvessa


Message History

You are outlined in light.
You shoot an arrow. The arrow barely misses Dowan.
Duvessa zaps a wand.
You hear a grinding noise.
You shoot an arrow. The arrow hits Dowan.
Dowan is moderately wounded.
You shoot an arrow. The arrow hits Dowan!
Dowan is severely wounded.
Dowan hits you but does no damage.
You shoot an arrow. The arrow hits Dowan.
Dowan is almost dead.
Dowan casts a spell.
Dowan blinks!
Duvessa barely misses you.
You shoot an arrow. The arrow closely misses Duvessa.
Duvessa hits you with a +0 short sword.
You shoot an arrow. The arrow hits Duvessa.
Duvessa is lightly wounded.
Duvessa hits you but does no damage.
You shoot an arrow. The arrow hits Dowan.
You kill Dowan!
Duvessa screams, "No!
How DARE you!"
Duvessa goes berserk!
Duvessa hits you but does no damage. Duvessa hits you with a +0 short sword!
You shoot an arrow. The arrow hits Duvessa.
Duvessa is lightly wounded.
Duvessa hits you with a +0 short sword! Duvessa closely misses you.
You shoot an arrow. The arrow hits Duvessa!
Duvessa is moderately wounded.
Duvessa hits you with a +0 short sword. x2
You shoot an arrow. The arrow hits Duvessa.
Duvessa is moderately wounded.
Duvessa barely misses you.
You shoot an arrow.
The arrow hits Duvessa but does no damage.
Duvessa is moderately wounded.
Duvessa barely misses you. Duvessa hits you with a +0 short sword.
You shoot an arrow. The arrow hits Duvessa.
Duvessa is heavily wounded.
Duvessa hits you with a +0 short sword! Duvessa hits you with a +0 short sword.
You die...

#......##
#.......#
........+##
..........#
..........
.........
.......)#
#@# #e(#
..#.#
##.#<. #
#.# #.# #.#
#.# #.#


You could see Duvessa (berserk).

Vanquished Creatures
  Dowan (D:4)
  A sleepcap (D:3)
  Jessica (D:3)
  Ijyb (D:2)
  Natasha (twice) (D:3)
  3 adders
  2 worms
  3 dart slugs
  5 orcs (D:3)
  9 ball pythons
  4 endoplasms
  A giant cockroach (D:2)
  6 hobgoblins
  3 jackals (D:2)
  7 kobolds
  5 quokkas
  6 bats
  3 frilled lizards (D:1)
  8 goblins
  12 rats
83 creatures vanquished.

Notes
Turn   | Place    | Note
-------+----------+-------------------------------------------
     0 | D:1      | qw the Gargoyle Hunter began the quest for the Orb.
     0 | D:1      | Reached XP level 1. HP: 12/12 MP: 1/1
     0 | D:1      | 0 ||| qw: Version: 0.2-a-29-gc1b59c4
     0 | D:1      | 0 ||| qw: Game counter: 4242
     0 | D:1      | 0 ||| qw: Always use a shield: true
     0 | D:1      | 0 ||| qw: God list: Okawaru
     0 | D:1      | 0 ||| qw: Allow faded altars: false
     0 | D:1      | 0 ||| qw: Do Orc after D:15 true
     0 | D:1      | 0 ||| qw: Do second Lair branch before Depths: true
     0 | D:1      | 0 ||| qw: Lair rune preference: random
     0 | D:1      | 0 ||| qw: Plans: Normal, Zot:1-4, Slime:5, God:TSO, Crypt,
                  | Tomb, Abyss, Pan, Hells, Win
     0 | D:1      | 0 ||| PLANNING D:1-11
   106 | D:1      | Reached XP level 2. HP: 14/17 MP: 2/2
   107 | D:1      | 107 ||| FLEEEEING.
   377 | D:1      | Reached XP level 3. HP: 21/21 MP: 3/3
   492 | D:1      | Reached skill level 5 in Ranged Weapons
   682 | D:1      | Found a faded altar of an unknown god.
   873 | D:1      | 873 ||| UPGRADING to +0 pair of boots.
   878 | D:1      | 878 ||| UPGRADING to +1 pair of gloves of strength.
   883 | D:1      | 883 ||| UPGRADING to ring of protection from fire.
   884 | D:1      | 884 ||| DROPPING +6 ring of intelligence.
   885 | D:1      | 885 ||| UPGRADING to ring of resist corrosion.
   886 | D:1      | 886 ||| READING 4 scrolls labelled ECOVAEL MOF.
   887 | D:1      | 887 ||| READING scroll labelled SIUHUO OMEKLUU.
   887 | D:1      | Identified a scroll of acquirement
   887 | D:1      | 887 ||| ACQUIRING +2 pair of gloves of hurling
   887 | D:1      | Acquired a +2 pair of gloves of hurling
   889 | D:1      | 889 ||| UPGRADING to +2 pair of gloves of hurling.
   899 | D:1      | 899 ||| DROPPING +1 pair of gloves of strength.
   900 | D:1      | 900 ||| READING 2 scrolls labelled ZOGUN UTRU.
   901 | D:1      | 901 ||| READING scroll labelled JEREULE PUDUBU.
  1002 | D:1      | 1002 ||| DRINKING 2 red potions.
  1003 | D:1      | 1003 ||| READING 3 scrolls of identify.
  1003 | D:1      | 1003 ||| IDENTIFYING fizzy dark potion
  1004 | D:1      | 1004 ||| READING 2 scrolls of identify.
  1004 | D:1      | 1004 ||| IDENTIFYING bubbling silvery potion
  1005 | D:1      | 1005 ||| DROPPING scroll of butterflies.
  1006 | D:1      | 1006 ||| DROPPING scroll of poison.
  1007 | D:1      | 1007 ||| DROPPING potion of enlightenment.
  1008 | D:1      | 1008 ||| DROPPING potion of ambrosia.
  1337 | D:2      | Reached skill level 3 in Fighting
  1375 | D:2      | Reached skill level 1 in Armour
  1375 | D:2      | Reached XP level 4. HP: 28/28 MP: 4/4
  1561 | D:2      | 1561 ||| Stepping ~*~*~tactically~*~*~ (outnumbered).
  1938 | D:2      | 1938 ||| UPGRADING to +0 ring mail.
  1948 | D:2      | 1948 ||| DROPPING +0 leather armour.
  1949 | D:2      | 1949 ||| READING scroll labelled HIATEQI BITOM.
  1950 | D:2      | 1950 ||| READING scroll labelled NOGAASUESM.
  1951 | D:2      | 1951 ||| READING scroll labelled TUNONE MAPUGI.
  1952 | D:2      | 1952 ||| READING scroll labelled NONKOUGIATH.
  1953 | D:2      | 1953 ||| READING scroll labelled YHYSAL UBOVEABB.
  2001 | D:3      | Noticed Ijyb
  2016 | D:3      | 2016 ||| STAIRDANCE
  2044 | D:2      | Killed Ijyb
  2045 | D:2      | Reached XP level 5. HP: 16/32 MP: 5/5
  2256 | D:3      | Noticed Natasha
  2266 | D:3      | Killed Natasha
  2267 | D:3      | Reached skill level 6 in Ranged Weapons
  2436 | D:3      | Noticed Natasha
  2444 | D:3      | Killed Natasha
  2646 | D:3      | Noticed Jessica
  2648 | D:3      | Killed Jessica
  2649 | D:3      | Reached XP level 6. HP: 38/38 MP: 6/6
  2868 | D:3      | 2868 ||| UPGRADING to amulet of faith.
  2873 | D:3      | 2873 ||| READING 2 scrolls of identify.
  2873 | D:3      | 2873 ||| IDENTIFYING brown potion
  2886 | D:4      | 2886 ||| PLANNING OSSUARY
  2888 | D:4      | Noticed Duvessa
  2888 | D:4      | Noticed Dowan
  2897 | D:4      | Killed Dowan
  2902 | D:4      | HP: 3/38 [Duvessa/+0 short sword (11)]
  2902 | D:4      | Slain by Duvessa

Levels and vault maps discovered:
D:1:      shiori_arrival_maze, layout_rooms, serial_bayou, serial_bayou_shore_a,
          serial_bayou_lagoon_a, serial_bayou_pond_e, serial_bayou_pond_c,
          serial_bayou_crossing, shapermc_ecumenical_altar_hornbeckon,
          minivault_11, minmay_misc_feat_enclosed, hangedman_decor_slide_cut,
          minmay_vboxes
D:2:      minmay_skewed_foursquare, layout_loops_ring
D:3:      layout_loops_cross, hellmonk_no_cap, uniq_jessica, uniq_natasha,
          uniq_ijyb
D:4:      layout_basic, nemelex_spade_bored_becter,
          nicolae_hepliaklqana_monster_ancestors, mainiacjoe_overflow_alcove_4,
          minmay_temple_entry_glassed_door,
          nicolae_ossuary_entry_false_entrances, uniq_duvessa, uniq_pikel

Skill      XL: |  1  2  3  4  5 |
---------------+----------------+-----
Ranged Weapons | 5 6 |  6.6
Fighting       | 3 4 |  4.0
Armour         | 1 |  1.0
Dodging        | |  1.5
Stealth        | |  1.1

Action                     |  1- 3 |  4- 6 || total
---------------------------+-------+-------++-------
   Fire: Shortbow          |   115 |   190 ||   305
    Use: Scroll            |     6 |     6 ||    12
         Potion            |     1 |       ||     1
 Armour: Leather armour    |    23 |    11 ||    34
         Ring mail         |       |   126 ||   126
  Dodge: Dodged            |    35 |   124 ||   159

Table legend:
 A = Non-vault XP
 B = Vault XP
 C = Vault XP percentage of total XP
 D = Non-vault monster count
 E = Vault monster count
 F = Vault count percentage of total count
                 A         B        C        D         E       F
            +---------+---------+-------+---------+---------+-------
      Total |     184 |     253 |  57.9 |      66 |      17 |  20.5
            +---------+---------+-------+---------+---------+-------
        D:1 |      45 |      10 |  18.2 |      30 |       6 |  16.7
        D:2 |      44 |      56 |  56.0 |      21 |       6 |  22.2
        D:3 |      95 |     115 |  54.8 |      15 |       4 |  21.1
        D:4 |       0 |      72 | 100.0 |       0 |       1 | 100.0
            +---------+---------+-------+---------+---------+-------
